 Dungeon Crawl Stone Soup version 0.19-a0-1899-g2d93087 (webtiles) character file.

393 dobroeutro the Bolt Thrower (level 7, -1/44 HPs)
             Began as a Kobold Hunter on Oct 19, 2016.
             Was an Initiate of Okawaru.
             Shot with an arrow by a centaur (9 damage)
             ... on level 5 of the Dungeon.
             The game lasted 00:05:34 (3755 turns).

dobroeutro the Bolt Thrower (Kobold Hunter)         Turns: 3755, Time: 00:05:34

Health: -1/44      AC:  6    Str: 10    XL:     7   Next: 8%
Magic:  7/7        EV: 17    Int: 12    God:    Okawaru [......]
Gold:   211        SH:  0    Dex: 17    Spells: 0 memorised, 6 levels left

rFire  . . .     SeeInvis .     a - +1 hand crossbow
rCold  . . .     Gourm    .     i - +0 robe
rNeg   . . .     Faith    .     (shield restricted)
rPois  .         Spirit   .     u - +0 helmet
rElec  .         Reflect  .     n - +0 cloak
rCorr  .         Harm     .     p - +1 pair of gloves
MR     .....                    (no boots)
Stlth  ++........               (no amulet)
                                (no ring)
                                j - +2 ring of evasion

@: no status effects
A: carnivore 3
a: Renounce Religion


You were on level 5 of the Dungeon.
You worshipped Okawaru.
Okawaru was noncommittal.
You were full.

You visited 2 branches of the dungeon, and saw 6 of its levels.

You collected 211 gold pieces.

Inventory:

Hand Weapons
 a - a +1 hand crossbow (weapon)
 b - a +0 short sword
Missiles
 d - 147 bolts (quivered)
Armour
 c - a +0 leather armour
 i - a +0 robe (worn)
 n - a +0 cloak (worn)
 p - a +1 pair of gloves (worn)
 u - a +0 helmet (worn)
Jewellery
 j - a +2 ring of evasion (left hand)
Scrolls
 e - 2 scrolls of enchant weapon {unknown}
 g - 3 scrolls of remove curse
 l - 5 scrolls of identify
 r - a scroll of amnesia {unknown}
 s - 2 scrolls of immolation {unknown}
 t - a scroll of noise {unknown}
 w - 2 scrolls of fog {unknown}
Potions
 h - 4 potions of might
 m - 3 potions of degeneration {unknown}
 o - 2 potions of brilliance {unknown}
 q - a potion of heal wounds {unknown}
Comestibles
 f - 2 meat rations
 k - 2 slices of pizza
 v - 3 beef jerkies


   Skills:
 + Level 4.9 Fighting
 + Level 4.9 Short Blades
 + Level 6.5 Crossbows
 - Level 2.4 Dodging
 - Level 1.3 Stealth


You had 6 spell levels left.
You didn't know any spells.

Dungeon Overview and Level Annotations

Branches:
Dungeon (5/15)             Temple (1/1) D:5

Altars:
Ashenzari
Cheibriados
Dithmenos
Gozag
Kikubaaqudgha
Makhleb
Nemelex Xobeh
Okawaru
Qazlal
Trog
Uskayaw
Vehumet
Xom
Yredelemnul
Zin
The Shining One


Innate Abilities, Weirdness & Mutations

You are small and have problems with some larger weapons.
You are carnivorous and can eat meat at any time.


Message History

The adder hisses angrily.
There is a staircase to the Ecumenical Temple here.
You see here 3 arrows.
Firing (i - inventory):
d - 149 bolts (quivered)
Press: ? - help, Shift-Dir - straight line, f - centaur
Aim: a centaur, wielding a shortbow You shoot a bolt.
The bolt closely misses the centaur.
The bolt misses the adder.
The centaur shoots an arrow.
The arrow barely misses you.
Firing (i - inventory):
d - 148 bolts (quivered)
Press: ? - help, Shift-Dir - straight line, f/p - centaur
Aim: a centaur, wielding a shortbow You shoot a bolt.
The bolt hits the centaur.
The centaur is lightly wounded.
The centaur shoots an arrow.
The arrow hits you!
The centaur shoots an arrow.
The arrow hits you!
* * * LOW HITPOINT WARNING * * *
You are too injured to fight recklessly!
The centaur shoots an arrow.
The arrow hits you!
You die...

##.....##....
#.##..###.##
##.##.## #.#
##..# # #.
###..## #...##
##.### ####..#
#..@.##
.....>.........
.....####cS....
#... ...... ...
.#.... ..
...... . ## ...
.(


You could see a centaur and an adder.

Vanquished Creatures
  2 hounds (D:4)
  A bullfrog skeleton (D:4)
  5 worker ants (D:4)
  6 gnolls (D:4)
  6 adders
  An ooze (D:3)
  2 worms (D:3)
  A leopard gecko (D:3)
  2 orcs
  2 ball pythons
  5 giant cockroaches
  10 goblins
  6 hobgoblins
  10 kobolds
  2 quokkas
  4 bats
  5 frilled lizards
  4 rats
74 creatures vanquished.

Notes
Turn   | Place    | Note
-------+----------+-------------------------------------------
     0 | D:1      | dobroeutro the Kobold Hunter began the quest for the Orb.
     0 | D:1      | Reached XP level 1. HP: 12/12 MP: 1/1
    62 | D:1      | Reached skill level 1 in Short Blades
    88 | D:1      | Reached XP level 2. HP: 15/18 MP: 2/2
   104 | D:1      | Reached skill level 5 in Crossbows
   386 | D:1      | Reached XP level 3. HP: 16/22 MP: 3/3
  1161 | D:2      | Found a bloodstained altar of Trog.
  1477 | D:2      | Found a basalt altar of Yredelemnul.
  1481 | D:2      | Reached XP level 4. HP: 25/28 MP: 4/4
  2345 | D:3      | Found a stormy altar of Qazlal.
  2509 | D:3      | Found a snail-covered altar of Cheibriados.
  2509 | D:3      | Found a burning altar of Makhleb.
  2579 | D:3      | Reached XP level 5. HP: 31/32 MP: 5/5
  2663 | D:3      | Found a shattered altar of Ashenzari.
  2917 | D:4      | Reached skill level 6 in Crossbows
  2960 | D:4      | Reached XP level 6. HP: 11/38 MP: 6/6
  3540 | D:4      | Reached XP level 7. HP: 28/44 MP: 7/7
  3621 | D:5      | Entered Level 5 of the Dungeon
  3656 | D:5      | Found a staircase to the Ecumenical Temple.
  3665 | Temple   | Entered the Ecumenical Temple
  3715 | Temple   | Became a worshipper of Warmaster Okawaru
  3755 | D:5      | Shot with an arrow by a centaur

Vault maps used:
D:1:      lemuel_arrival_behind_the_door_large, minmay_bisected
D:2:      bloody_trog, yredelemnul_altar_generic
D:3:      lemuel_round_altar, gammafunk_temple_overflow_elements,
          nicolae_overflow_hidden_temple, marbit_many_paths
D:4:      minmay_misc_feat_room
D:5:      nicolae_ru_sacrificial_ziggurat, first_bread,
          kennysheep_pointless_box, uniq_sigmund, uniq_menkaure
Temple:   cyrus_temple_forest

Skill      XL: |  1  2  3  4  5  6 |
---------------+-------------------+-----
Short Blades   | 1 2 3 4 |  4.9
Crossbows      | 5 6 |  6.5
Fighting       | 3 4 |  4.9
Dodging        | |  2.4
Stealth        | |  1.3

Action                   |  1- 3 |  4- 6 |  7- 9 || total
-------------------------+-------+-------+-------++-------
Melee: Short sword       |   106 |   183 |       ||   289
 Fire: Hand crossbow     |       |    50 |     6 ||    56
  Use: Scroll            |     4 |       |       ||     4
 Stab: Sleeping          |     4 |     2 |       ||     6
  Eat: Chunk             |     2 |    11 |     1 ||    14
Armor: Leather armour    |     7 |       |       ||     7
       Robe              |    13 |    36 |       ||    49
Dodge: Dodged            |    86 |   187 |     2 ||   275
